 Dungeon Crawl Stone Soup version 0.18.1-50-g88ac8fd (webtiles) character file.

4480 nikopol the Cleaver (level 10, -22/136 HPs)
             Began as a Minotaur Berserker on Sept 23, 2016.
             Was a High Priest of Trog.
             Annihilated by an ogre
             ... wielding a +0 giant club
              (25 damage)
             ... on level 8 of the Dungeon.
             The game lasted 00:16:30 (7328 turns).

nikopol the Cleaver (Minotaur Berserker)            Turns: 7328, Time: 00:16:31

Health: -22/136    AC:  8    Str: 26    XL:     10   Next: 16%
Magic:  9/9        EV: 14    Int:  4    God:    Trog [*****.]
Gold:   349        SH:  0    Dex: 12    Spells: 0 memorised, 9 levels left

rFire  . . .     SeeInvis .     a - +0 hand axe
rCold  . . .     Gourm    .     d - +0 ring mail
rNeg   . . .     Faith    .     (no shield)
rPois  .         Spirit   .     (helmet restricted)
rElec  .         Dismiss  .     L - +0 cloak
rCorr  .         Reflect  .     (no gloves)
SustAt .         Harm     .     (no boots)
MR     .....                    i - amulet of magic regeneration
Stlth  ..........               A - ring of loudness (curse)
                                R - -2 ring of strength (curse)

@: berserking, lethally poisoned (-22 -> -23), very quick, not resistant to
hostile enchantments, extremely unstealthy
A: retaliatory headbutt, horns 2
a: Berserk, Trog's Hand, Brothers in Arms, Burn Spellbooks, Renounce Religion


You were on level 8 of the Dungeon.
You worshipped Trog.
Trog was extremely pleased with you.
You were not hungry.

You visited 1 branch of the dungeon, and saw 8 of its levels.

You collected 349 gold pieces.

Inventory:

Hand Weapons
 a - a +0 hand axe (weapon)
 z - a +0 shortbow
Missiles
 g - 191 arrows (quivered)
Armour
 b - a +0 animal skin
 d - a +0 ring mail (worn)
 L - a +0 cloak (worn)
 P - a cursed +0 scale mail
Jewellery
 i - an amulet of magic regeneration (around neck)
 r - a +3 ring of protection
 A - a cursed ring of loudness (right hand)
 D - an uncursed ring of flight
 R - a cursed -2 ring of strength (left hand)
 T - a +2 ring of protection
Wands
 e - a wand of slowing (35/48)
 p - a wand of flame (7/48)
 N - a wand of confusion (18/48)
Scrolls
 f - 4 scrolls of teleportation {unknown}
 h - a scroll of amnesia {unknown}
 k - a scroll of recharging {unknown}
 n - 4 scrolls of remove curse {unknown}
 o - a scroll of noise {unknown}
 v - a scroll of blinking {unknown}
 y - 2 scrolls of immolation {unknown}
 C - a scroll of enchant weapon {unknown}
 H - a scroll of fear {unknown}
 M - a scroll of summoning {unknown}
 Q - 3 scrolls of silence {unknown}
 S - a scroll of fog {unknown}
Potions
 j - a potion of invisibility
 l - a potion of brilliance
 t - 2 potions of might
 u - a potion of agility
 x - a potion of ambrosia
 F - 2 potions of curing
 G - 2 potions of flight
 I - a potion of cure mutation {unknown}
 J - 2 potions of haste
Comestibles
 c - 3 bread rations
 m - 4 meat rations
 q - 8 fruits
 s - 5 beef jerkies
 E - 4 slices of pizza


   Skills:
 + Level 9.0 Fighting
 * Level 10.0 Axes
 * Level 4.9 Bows
 + Level 8.6 Armour
 + Level 7.6 Dodging


You had 9 spell levels left.
You didn't know any spells.

Dungeon Overview and Level Annotations

Branches:
Dungeon (8/15)             Temple (0/1) D:4
   Lair: D:8-11

Altars:
Ashenzari
Makhleb
Nemelex Xobeh
Xom
Zin
The Shining One

Shops:
D:7 }


Innate Abilities, Weirdness & Mutations

You reflexively headbutt those who attack you in melee.
You have a pair of horns on your head.


Message History

You're too hungry to go berserk.
You feel sick.
Eat which item? (? for menu, Esc to quit)
You feel sick. The ogre hits you with a giant club.
* * * LOW HITPOINT WARNING * * *
You continue eating.
* * * LOW HITPOINT WARNING * * *
You feel sick.
You continue eating.
The ogre closely misses you. You furiously retaliate!
You headbutt the ogre.
You finish eating.
That bread ration really hit the spot!
A red film seems to cover your vision as you go berserk!
You feel yourself moving faster!
You feel mighty!
You feel somewhat more hungry.
You feel sick. The ogre completely misses you.
You hit the ogre.
The ogre is moderately wounded.
You hit the ogre.
The ogre is heavily wounded.
You feel sick. The ogre hits you with a giant club!!
You die...

.....## #...
.......## #....
........##...##
...............
#.........#
#.....#
###.....#
.##....O..#
.......@[.# #
...###.†()#.#
## #.†....###'
####
#(.(.......
#####..##
##........#.
.((.(...##
##.[.###.....
#.[..####..###
#####
##.).....))##
###.......))##


You could see an ogre.

Vanquished Creatures
  Erolcha (D:8)
  Pikel (D:8)
  Prince Ribbit (D:8)
  Grinder (D:3)
  An orc warrior (D:8)
  A sky beast (D:6)
  2 slaves (D:8)
  2 phantoms
  4 ogres
  4 centaurs
  2 giant frogs (D:8)
  A wyvern zombie (D:6)
  4 scorpions
  The ghost of kraktruk the Ruffian, a weakling DrMo of Cheibriados (D:3)
  6 killer bees (D:8)
  A water moccasin skeleton (D:8)
  A howler monkey (D:8)
  3 crimson imps
  4 giant frog skeletons
  2 giant frog zombies (D:5)
  An orc priest (D:8)
  3 hounds
  3 jellies
  3 iguanas
  Natasha (twice) (D:3)
  3 orc wizards (D:8)
  3 worker ants
  3 hell rats (D:5)
  A hound skeleton (D:6)
  Robin (D:2)
  3 gnolls (D:4)
  4 river rats (D:5)
  8 adders
  A shadow imp (D:6)
  An ooze (D:2)
  2 adder skeletons
  2 worms (D:2)
  A dart slug (D:3)
  3 giant geckos
  23 orcs
  2 giant cockroaches
  22 goblins
  11 hobgoblins
  25 jackals
  3 quokkas
  3 ball pythons (D:4)
  6 bats
  A giant cockroach zombie (D:6)
  A giant gecko skeleton (D:4)
  5 giant newts
  A jackal skeleton (D:6)
  8 kobolds
  39 rats
241 creatures vanquished.

Notes
Turn   | Place    | Note
--------------------------------------------------------------
     0 | D:1      | nikopol the Minotaur Berserker began the quest for the Orb.
     0 | D:1      | Reached XP level 1. HP: 19/19 MP: 0/0
   168 | D:1      | Reached XP level 2. HP: 21/27 MP: 1/1
   304 | D:1      | Reached skill level 4 in Axes
   536 | D:1      | Reached ** piety under Trog
   765 | D:1      | Reached XP level 3. HP: 31/33 MP: 2/2
  1161 | D:2      | Reached XP level 4. HP: 40/40 MP: 3/3
  1264 | D:2      | Found a burning altar of Makhleb.
  1515 | D:2      | Reached *** piety under Trog
  1533 | D:2      | Noticed Robin
  1543 | D:2      | Killed Robin
  1767 | D:3      | Noticed kraktruk's ghost (weakling DrMo)
  1776 | D:3      | Killed kraktruk's ghost
  1776 | D:3      | Reached XP level 5. HP: 47/47 MP: 4/4
  1880 | D:3      | Reached skill level 5 in Axes
  1894 | D:3      | Noticed Natasha
  1900 | D:3      | Killed Natasha
  1998 | D:3      | Found a shattered altar of Ashenzari.
  2007 | D:3      | Noticed Grinder
  2008 | D:3      | Paralysed by Grinder for 5 turns
  2018 | D:3      | Killed Grinder
  2018 | D:3      | Reached skill level 5 in Fighting
  2018 | D:3      | Reached XP level 6. HP: 39/56 MP: 5/5
  2228 | D:3      | Noticed Natasha
  2234 | D:3      | Killed Natasha
  2315 | D:3      | Found a shimmering altar of Xom.
  2557 | D:4      | Found a staircase to the Ecumenical Temple.
  2588 | D:4      | Reached skill level 5 in Armour
  2762 | D:4      | Reached XP level 7. HP: 61/61 MP: 6/6
  2785 | D:4      | Reached **** piety under Trog
  2850 | D:4      | Reached skill level 6 in Axes
  3366 | D:5      | Entered Level 5 of the Dungeon
  3377 | D:5      | Found a sparkling altar of Nemelex Xobeh.
  3445 | D:5      | Reached skill level 5 in Dodging
  4161 | D:5      | Found a glowing silver altar of Zin.
  4194 | D:5      | Reached XP level 8. HP: 60/71 MP: 7/7
  4590 | D:5      | Reached skill level 7 in Axes
  5609 | D:6      | Reached ***** piety under Trog
  5947 | D:7      | Reached skill level 8 in Axes
  5947 | D:7      | Reached XP level 9. HP: 81/81 MP: 8/8
  6048 | D:7      | Reached skill level 1 in Bows
  6146 | D:7      | Found a glowing golden altar of the Shining One.
  6245 | D:7      | Found Yhusahe's Gadget Boutique.
  6796 | D:8      | Noticed Prince Ribbit
  6810 | D:8      | Killed Prince Ribbit
  6947 | D:8      | Noticed Erolcha
  6965 | D:8      | Killed Erolcha
  6965 | D:8      | Reached skill level 9 in Axes
  7244 | D:8      | Noticed Pikel
  7253 | D:8      | Killed Pikel
  7253 | D:8      | Reached XP level 10. HP: 90/90 MP: 9/9
  7299 | D:8      | Received a gift from Trog
  7314 | D:8      | Reached skill level 10 in Axes
  7323 | D:8      | HP: 4/91 [ogre/giant club (6)]
  7328 | D:8      | HP: 3/136 [poisoned by a killer bee]
  7328 | D:8      | Annihilated by an ogre

Skill      XL: |  1  2  3  4  5  6  7  8  9 10 |
---------------+-------------------------------+-----
Axes           | 4 5 6 8 9 10 | 10.0
Armour         | 3 4 5 6 7 8 |  8.6
Fighting       | 4 5 6 7 8 9 |  9.0
Dodging        | 3 4 5 6 7 |  7.6
Bows           | 4 |  4.9

Action                   |  1- 3 |  4- 6 |  7- 9 | 10-12 || total
-------------------------+-------+-------+-------+-------++-------
Melee: Hand axe          |    72 |   102 |   302 |    27 ||   503
       Headbutt          |     9 |    17 |    74 |     5 ||   105
 Fire: Shortbow          |       |       |    90 |       ||    90
Invok: Berserk           |       |     1 |     5 |     1 ||     7
  Use: Scroll            |       |       |    11 |       ||    11
 Stab: Distracted        |       |       |     1 |       ||     1
  Eat: Chunk             |     1 |     6 |    18 |       ||    25
       Bread ration      |       |       |       |     1 ||     1
Armor: Ring mail         |    17 |    36 |    84 |     8 ||   145
Dodge: Dodged            |    48 |    59 |   205 |    37 ||   349
